 Dungeon Crawl Stone Soup version 0.29.1-13-g9f3cf754e1 (webtiles) character file.

Game seed: 15721265558896583016

1742 javelincjr the Chopper (level 8, -9/58 (60) HPs)
             Began as a Demonspawn Gladiator on Feb 8, 2023.
             Was an Initiate of Gozag.
             Mangled by a large slime creature (30 damage)
             ... on level 5 of the Dungeon.
             The game lasted 00:32:22 (6977 turns).

javelincjr the Chopper (Demonspawn Gladiator)       Turns: 6977, Time: 00:32:23

HP:   -9/58 (60)    AC: 18    Str: 21    XL:     8   Next: 77%
MP:   8/8           EV: 12    Int: 10    God:    Gozag
Gold: 766           SH:  0    Dex: 11    Spells: 7/7 levels left

rFire   + . .      SeeInvis .   n - +4 falchion
rCold   + . .      Faith    .   (no shield)
rNeg    + . .      Spirit   .   q - +4 ring mail of Yntopp {rElec Str+4 Dex-3}
rPois   .          Reflect  .   p - +2 helmet
rElec   +          Harm     .   k - scarf {rC+ rF+}
rCorr   .          Rampage  .   r - +0 pair of gloves
Will    .....                   z - +1 pair of boots
Stlth   +.........              (no amulet)
HPRegen 1.19/turn               s - ring of flight
MPRegen 0.11/turn               G - ring of positive energy

@: gold aura, flying, lightly drained
A: claws 2, slimy green scales 1, ignite blood 2, powered by death 1
a: Renounce Religion, Potion Petition, Call Merchant, Bribe Branch


You were on level 5 of the Dungeon.
You worshipped Gozag.
Gozag was pleased with you.
You visited 2 branches of the dungeon, and saw 7 of its levels.
You also visited: Sewer.

You collected 878 gold pieces.
You spent 112 gold pieces at shops.

Inventory:

Hand Weapons
 a - a +0 war axe
 i - a +0 dagger of venom
 n - a +4 falchion (weapon)
 u - a +0 sling of flaming
 B - a +0 short sword of electrocution
Missiles
 c - a javelin
 d - 2 throwing nets
 e - 4 silver javelins
 o - 42 poisoned darts (quivered)
 A - 29 stones
 L - 4 atropa-tipped darts
Armour
 b - a +1 leather armour
 k - a scarf of resistance (worn)
 p - a +2 helmet (worn)
 q - the +4 ring mail of Yntopp (worn) {rElec Str+4 Dex-3}
   (You found it on level 2 of the Dungeon)

   Str:       It affects your strength (+4).
   Dex:       It affects your dexterity (-3).
   rElec:     It insulates you from electricity.
 r - a +0 pair of gloves (worn)
 y - a scarf of shadows
 z - a +1 pair of boots (worn)
 J - a +2 leather armour of poison resistance
Magical Staves
 M - a staff of death
Jewellery
 s - a ring of flight (left hand)
 G - a ring of positive energy (right hand)
Wands
 C - a wand of flame (10)
Scrolls
 j - a scroll of summoning {unknown}
 l - 3 scrolls of blinking
 m - 2 scrolls of fear
 t - 3 scrolls of teleportation
 D - a scroll of silence
 F - a scroll of fog
 H - 2 scrolls of amnesia {unknown}
Potions
 f - 3 potions of might
 g - 3 potions of haste
 h - 2 potions of heal wounds {unknown}
 v - 2 potions of ambrosia {unknown}
 w - 2 potions of attraction {unknown}
 x - 2 potions of degeneration {unknown}
 E - a potion of mutation {unknown}
 K - a potion of cancellation {unknown}


   Skills:
 + Level 4.2 Fighting
 + Level 1.3(2.2) Short Blades
 + Level 2.8(3.0) Long Blades
 + Level 5.0 Axes
 + Level 4.9 Ranged Weapons
 + Level 2.0 Throwing
 + Level 4.1 Armour
 + Level 4.5 Dodging
 + Level 1.0 Stealth
 + Level 0.3 Evocations


You had 7 spell levels left.
You didn't know any spells.
Your spell library contained the following spells:

 Spells                   Type           Power      Damage    Failure   Level
 Necrotise                Necr           0%         1d4       52%         1
 Conjure Flame            Conj/Fire      0%         6-21      88%         3
 Ignite Poison            Fire/Tmut/Pois 0%         N/A       88%         3
 Vampiric Draining        Necr           0%         2d6       88%         3
 Sticky Flame             Conj/Fire      0%         2d3       99%         4
 Agony                    Necr           0%         N/A       100%        5


Dungeon Overview and Level Annotations

Branches:
Dungeon (6/15)             Temple (1/1) D:5           Sewer (visited)

Altars:
Ashenzari
Dithmenos
Gozag
Hepliaklqana
Kikubaaqudgha
Makhleb
Nemelex Xobeh
Okawaru
Ru
Sif Muna
Uskayaw
Vehumet
Yredelemnul

Shops:
D:3 (

Annotations:
D:4 1 runed translucent door, reptisaurus's ghost, amateur DgTm


Innate Abilities, Weirdness & Mutations

You have very sharp fingernails.
You are partially covered in slimy green scales. (AC +2)
Your demonic aura often causes spilled blood to erupt in flames.
You regenerate a little health from kills.


Message History

You slash the endoplasm!
You kill the endoplasm!
No target in view!
You now have 748 gold pieces (gained 3).
You start resting.
HP restored.
You now have 752 gold pieces (gained 4).
You now have 760 gold pieces (gained 8).
You see here a +0 short sword.
You see here a +0 whip.
You now have 766 gold pieces (gained 6).
The slime creature quivers.
The endoplasm quivers.
There is an open door here.
You throw a poisoned dart.
The poisoned dart hits the slime creature.
Two slime creatures merge to form a large slime creature.
You hit the slime creature but do no damage.
The slime creature hits you.
You hit the slime creature.
The slime creature is lightly wounded.
The slime creature hits you but does no damage.
The slime creature completely misses you.
You hit the slime creature.
The slime creature is lightly wounded.
The slime creature jiggles.
The slime creature hits you!
Two slime creatures merge to form a large slime creature.
The large slime creature is engulfed in blazing flames.
You hit the large slime creature.
The large slime creature is lightly wounded.
The large slime creature is engulfed in blazing flames.
The large slime creature hits you!!
The endoplasm is engulfed in blazing flames.
You kill the endoplasm!
The large slime creature is engulfed in blazing flames.
The large slime creature attacks as you move away!
The large slime creature hits you!!
Ouch! That really hurt!
You die...
Your body crumbles into a pile of gold.

###########....#.# #######
?÷.......##..###.# ......#
.P....÷..##..###.# #####.#
....÷....##....... #####.#####
......÷÷.##..###.# ##........####
.÷...(...####..... ##.##.###....#
÷...J..$.##...##.# ...##.#.....##
#######'# #......# ......#.P...#
##@J°°..## #...#### ##.###..P>..#
#.######## #....... ##.# #...P..#
##)......# #.......
^..###......#######)...# #..<.###
...##.........##....[..# #...[#..
...##......#..##.......###....#..
...##...(..#..##.......##.....#..
>..##......#..##.......##...<.#..
...##......#..###.)...###.....###


You could see a large slime creature.

Vanquished Creatures
  Pargi (Sewer)
  A sky beast (D:5)
  A centaur (D:6)
  A phantom (D:6)
  5 kobold brigands (D:5)
  A bullfrog (D:6)
  A gnoll sergeant (D:5)
  3 necrophages
  3 scorpions
  A gnoll bouda (D:6)
  2 hounds
  4 jellies (D:5)
  Jessica (D:3)
  4 iguanas
  8 gnolls
  4 adders
  A shadow imp (D:5)
  3 white imps (D:6)
  An ufetubus (D:4)
  A dart slug (D:2)
  3 orcs
  7 endoplasms
  5 giant cockroaches
  6 goblins
  7 hobgoblins
  5 quokkas
  2 ball pythons
  10 bats
  A frilled lizard (D:2)
  9 kobolds
  2 rats (D:1)
104 creatures vanquished.

Vanquished Creatures (others)
  12 fungi
  4 toadstools (D:5)
16 creatures vanquished.

Grand Total: 120 creatures vanquished

Notes
Turn   | Place    | Note
-------+----------+-------------------------------------------
     0 | D:1      | javelincjr the Demonspawn Gladiator began the quest for the
                  | Orb.
     0 | D:1      | Reached XP level 1. HP: 16/16 MP: 1/1
    50 | D:1      | Reached skill level 3 in Axes
   211 | D:1      | Gained mutation: You are partially covered in slimy green
                  | scales. (AC +2) [demonic ancestry]
   211 | D:1      | Reached XP level 2. HP: 22/22 MP: 2/2
   640 | D:1      | Found a faded altar of an unknown god.
   658 | D:1      | Prayed at the altar of an unknown god.
   658 | D:1      | Became a worshipper of Gozag Ym Sagoz the Greedy
  1229 | D:1      | Gained mutation: You regenerate a little health from kills.
                  | [demonic ancestry]
  1229 | D:1      | Reached XP level 3. HP: 26/27 MP: 3/3
  1554 | D:2      | Identified the +4 ring mail of Yntopp {rElec Str+4 Dex-3}
  2184 | D:3      | Noticed Jessica
  2188 | D:3      | Killed Jessica
  2189 | D:3      | Reached skill level 1 in Armour
  2189 | D:3      | Gained mutation: Your demonic aura sometimes causes spilled
                  | blood to erupt in flames. [demonic ancestry]
  2189 | D:3      | Reached XP level 4. HP: 33/33 MP: 4/4
  2308 | D:3      | Found Dajuwk's Antique Weapon Shop.
  2327 | D:3      | Bought a glowing sling for 112 gold pieces
  2465 | D:4      | Found a runed translucent door.
  2468 | D:4      | Noticed reptisaurus's ghost (amateur DgTm)
  2718 | D:4      | Found a radiant altar of Vehumet.
  2909 | D:4      | Reached skill level 4 in Axes
  3128 | D:5      | Entered Level 5 of the Dungeon
  3177 | D:5      | Noticed a necrophage
  3188 | D:5      | Killed a necrophage
  3189 | D:5      | Reached skill level 1 in Ranged Weapons
  3189 | D:5      | Gained mutation: You have sharp fingernails. [demonic
                  | ancestry]
  3189 | D:5      | Reached XP level 5. HP: 33/39 MP: 5/5
  3349 | D:5      | Found a glowing drain.
  3354 | Sewer    | Entered a sewer
  3368 | Sewer    | Noticed Pargi
  3502 | Sewer    | Killed Pargi
  3503 | Sewer    | Reached XP level 6. HP: 46/46 MP: 6/6
  3966 | D:5      | Noticed a sky beast
  4042 | D:5      | Killed a sky beast
  4705 | D:4      | Reached skill level 1 in Short Blades
  4705 | D:4      | Gained mutation: Your demonic aura often causes spilled
                  | blood to erupt in flames. [demonic ancestry]
  4705 | D:4      | Reached XP level 7. HP: 48/52 MP: 7/7
  4803 | D:5      | Found a staircase to the Ecumenical Temple.
  4831 | Temple   | Entered the Ecumenical Temple
  5865 | D:5      | Reached skill level 1 in Stealth
  5970 | D:5      | Noticed a slime creature
  5970 | D:5      | Noticed a slime creature
  6007 | D:5      | Gained mutation: You have very sharp fingernails. [demonic
                  | ancestry]
  6007 | D:5      | Reached XP level 8. HP: 60/60 MP: 8/8
  6305 | D:6      | Reached skill level 1 in Long Blades
  6568 | D:6      | Reached skill level 5 in Axes
  6977 | D:5      | Mangled by a large slime creature

Illustrated notes

Levels and vault maps discovered:
D:1:      dpeg_arrival_rooms_with_view, layout_basic,
          shapermc_ecumenical_altar_ellora
D:2:      layout_loops_cross, minmay_misc_feat_tower
D:3:      layout_basic, serial_shops, shop, uniq_jessica
D:4:      layout_basic, amcnicky_altar_gilded, hellmonk_ghost_happy_afterlife,
          hex_tiny
D:5:      cheibrodos_fertilizer, layout_loops_cross,
          minmay_temple_entry_overgrown, portal_sewer_entry_e,
          nrook_mini_vaults, st_stairs_9
D:6:      layout_basic, pdpol_wu_jian_five_deadly_venoms, kennysheep_nub
Temple:   nicolae_temple_figure_eight

Skill      XL: |  1  2  3  4  5  6  7  8 |
---------------+-------------------------+-----
Axes           | 3 4 5 |  5.0
Dodging        | 3 4 |  4.5
Armour         | 1 2 3 4 |  4.1
Ranged Weapons | 1 3 4 |  4.9
Fighting       | 3 4 |  4.2
Short Blades   | 1 |  1.3
Stealth        | 1 |  1.0
Long Blades    | 2 |  2.8
Throwing       | 2 |  2.0
Evocations     | |  0.3

Action                   |  1- 3 |  4- 6 |  7- 9 || total
-------------------------+-------+-------+-------++-------
Melee: War axe           |    93 |     3 |    59 ||   155
       Short sword       |       |   118 |       ||   118
       Dagger            |       |    41 |    25 ||    66
       Punch             |       |     1 |     7 ||     8
       Falchion          |       |       |   114 ||   114
 Fire: Sling             |       |   175 |    28 ||   203
Throw: Throwing net      |     2 |     1 |     1 ||     4
       Javelin           |       |     2 |       ||     2
       Dart              |       |       |     4 ||     4
Evoke: Wand              |       |     3 |       ||     3
  Use: Potion            |       |     2 |       ||     2
       Scroll            |       |       |    13 ||    13
 Stab: Sleeping          |     1 |       |       ||     1
       Invisible         |       |     2 |       ||     2
Armor: Leather armour    |    25 |       |       ||    25
       Ring mail         |    17 |   134 |   124 ||   275
Dodge: Dodged            |    64 |   126 |   141 ||   331
